Map: Cyber Forest LE

Players

Harstem

  • Race: Protoss Protoss
  • League: Grandmaster
  • Spawn Location: 11:00

A.I. 1 (Very Easy) - Winner!

  • Race: Protoss Protoss
  • Spawn Location: 5:00

VOD

https://www.youtube.com/watch?v=Wisb07zdLhM&feature=youtu.be

Description

Time

  • Played on: June 17, 2019, 5:36 a.m.
  • Length: 7:41
Show
View Real Time Build Order
Export as new Build Order

Harstem Protoss 

Build Orders: 1 Gate Expand, Oracle Opening, Zealot Archon, Archon Drop 

Get SALT Encoding   

  12  0:03  Probe  
  13  0:15  Probe  
  13  0:20  Pylon  
  14  0:27  Probe  
  15  0:35  Probe  
  15  0:41  Gateway  
  16  0:43  Probe  
  17  0:54  Probe  
  17  0:56  Assimilator  
  18  1:06  Probe  
  19  1:18  Probe  
  20  1:24  Nexus  
  20  1:34  Cybernetics Core  
  20  1:37  Probe  
  21  1:46  Assimilator  
  21  1:49  Probe  
  21  1:52  Pylon  
  22  2:00  Adept  
  22  2:01  Probe  
  23  2:13  Probe  
  26  2:23  Stalker  
  26  2:25  Probe  
  26  2:29  Stargate  
  27  2:32  Probe  
  30  2:38  Probe  
  30  2:40  Probe  
  30  2:42  Warp Gate  
  31  2:50  Probe x2  
  34  3:02  Oracle, Probe  
  34  3:03  Probe  
  39  3:14  Probe  
  39  3:15  Probe  
  39  3:18  Gateway  
  41  3:23  Pylon  
  41  3:26  Probe  
  42  3:29  Probe, Robotics Facility  
  42  3:32  Assimilator  
  43  3:34  Assimilator  
  43  3:38  Probe  
  44  3:41  Probe  
  44  3:48  Twilight Council  
  45  3:50  Probe  
  45  3:54  Probe  
  47  4:00  Gateway  
  47  4:01  Gateway  
  47  4:02  Pylon  
  47  4:04  Probe  
  47  4:06  Warp Prism, Probe  
  49  4:16  Probe  
  52  4:18  Probe  
  53  4:24  Templar Archives  
  53  4:30  Adept, Pylon  
  55  4:31  Probe  
  55  4:38  Probe  
  57  4:48  Nexus  
  57  4:50  Pylon  
  57  5:01  Forge  
  57  5:05  High Templar x3  
  63  5:07  Probe x2  
  63  5:11  High Templar  
  63  5:14  Archon, Observer, Pylon  
  67  5:15  Archon  
  67  5:19  Probe x2  
  70  5:25  Gateway, Immortal  
  70  5:26  Gateway  
  70  5:28  Pylon  
  70  5:31  Probe x2  
  72  5:36  Protoss Ground Weapons Level 1  
  76  5:43  Probe x2  
  76  5:46  Sentry  
  80  5:53  Charge  
  80  5:54  Immortal  
  80  5:55  Probe x2  
  82  5:58  Phoenix  
  82  6:00  Probe  
  87  6:07  Probe  
  87  6:08  Probe  
  89  6:13  Gateway  
  89  6:14  Gateway  
  89  6:15  Probe  
  90  6:20  Sentry  
  90  6:21  Pylon  
  92  6:26  Immortal, Sentry  
  92  6:29  Pylon  
  94  6:37  Pylon  
  94  6:38  Zealot x2  
  94  6:39  Pylon  
  102  6:43  Zealot, Sentry  
  102  6:46  Probe x2  
  108  6:47  Pylon  
  108  6:50  Zealot, Sentry  
  112  6:55  Probe  
  112  6:57  Assimilator  
  112  6:58  Probe  
  112  6:59  Assimilator, Sentry  
  112  7:00  Zealot  
  112  7:01  Pylon  
  118  7:04  Zealot  
  118  7:05  Phoenix  
  118  7:06  Zealot  
  118  7:08  Zealot  
  124  7:10  Zealot  
  124  7:11  Probe x2  
  124  7:14  Zealot  
  130  7:19  Probe  
  130  7:21  Pylon  
  131  7:26  Zealot x2  
  135  7:31  Zealot x2  
  139  7:39  Photon Cannon, High Templar  
Show
View Real Time Build Order
Export as new Build Order

A.I. 1 (Very Easy) Protoss - Winner!

Build Orders:  

Get SALT Encoding   

  12  0:00  Probe  
  13  0:13  Probe  
  14  0:20  Pylon  
  14  0:37  Assimilator  
  14  0:43  Gateway  
  14  0:46  Pylon  
  14  1:13  Assimilator  
  14  1:18  Probe  
  15  1:26  Probe  
  16  1:33  Cybernetics Core  
  16  1:34  Probe  
  17  1:44  Probe  
  18  1:56  Probe  
  18  1:59  Warp Gate  
  19  2:04  Probe  
  20  2:11  Stalker  
  22  3:10  Probe  
  22  4:49  Probe  
  22  5:21  Zealot  
  22  5:23  Probe  
  22  5:27  Pylon  
  25  5:28  Robotics Facility  
  25  5:35  Probe  
  26  5:47  Probe  
  27  5:59  Probe  
  27  6:03  Pylon  
  26  6:11  Observer, Probe  
  26  6:13  Zealot  
  30  6:23  Probe  
  31  6:29  Observer  
  32  7:04  Stalker  
  34  7:12  Nexus  
Tags
 
Add a new tag
Caveats
  • Supply blocks, unpowered buildings, or Contaminate may cause inaccurate times.
  • Supply counts are checked every 10 seconds.